 Dungeon Crawl Stone Soup version 0.26-a0-631-ged93497179 (webtiles) character file.

Game seed: 6636327287495508198

4843 Drevant2 the Prestidigitator (level 10, 0/79 HPs)
             Began as a Kobold Artificer on Sept 13, 2020.
             Was a Follower of Nemelex Xobeh.
             Succumbed to a hornet's poison
             ... on level 9 of the Dungeon.
             The game lasted 00:29:37 (11410 turns).

Drevant2 the Prestidigitator (Kobold Artificer)    Turns: 11410, Time: 00:29:38

Health: 0/79       AC: 10    Str: 10    XL:     10   Next: 78%
Magic:  10/10      EV: 24    Int: 14    God:    Nemelex Xobeh [*.....]
Gold:   237        SH:  0    Dex: 25    Spells: 9/9 levels left

rFire    . . .     SeeInvis .   C - +2 short sword "Kunargha" {elec, rN+ Int+4}
rCold    . . .     Faith    .   (shield restricted)
rNeg     + . .     Spirit   .   b - +0 leather armour
rPois    +         Reflect  .   (no helmet)
rElec    .         Harm     .   k - +0 cloak
rCorr    .         Rampage  .   h - +1 pair of gloves
MR       .....                  N - +0 pair of boots
Stlth    ..........             (no amulet)
HPRegen  0.23/turn              i - +4 ring of evasion
MPRegen  0.12/turn              o - +6 ring of dexterity

@: berserking, lethally poisoned (0 -> -15), very quick
A: small, rugged brown scales 1, yellow scales 1, dopey 1, nightstalker 3,
poison resistance
a: Draw Escape, Draw Destruction, Draw Summoning, Renounce Religion


You were on level 9 of the Dungeon.
You worshipped Nemelex Xobeh.
Nemelex Xobeh was aware of your devotion.
You visited 2 branches of the dungeon, and saw 10 of its levels.

You collected 429 gold pieces.
You spent 192 gold pieces at shops.

Inventory:

Hand Weapons
 a - a +0 club
 g - a +0 whip
 j - a +0 dagger
 n - a +5 broad axe
 v - a +1 trident of freezing
 C - the +2 short sword "Kunargha" (weapon) {elec, rN+ Int+4}
   (You found it on level 5 of the Dungeon)

   Occasionally, upon striking a foe, it will discharge some electrical energy
   and cause terrible harm.
   It affects your intelligence (+4).
   It protects you from negative energy.
Armour
 b - a +0 leather armour (worn)
 h - a +1 pair of gloves (worn)
 k - a +0 cloak (worn)
 t - a +2 kite shield
 N - a +0 pair of boots (worn)
Jewellery
 i - a +4 ring of evasion (left hand)
 o - a +6 ring of dexterity (right hand)
 q - an uncursed ring of protection from magic {unknown}
 w - a cursed ring of teleportation {unknown}
 D - an uncursed ring of fire {unknown}
 I - an uncursed ring of protection from fire {unknown}
 P - an uncursed ring of poison resistance {unknown}
Wands
 c - a wand of flame (43)
 d - a wand of enslavement (14)
 e - a wand of random effects (15)
 x - a wand of iceblast (6)
 J - a wand of polymorph (12)
 Q - a wand of disintegration (11)
Scrolls
 f - 10 scrolls of remove curse
 r - a scroll of fear
 u - 3 scrolls of enchant armour
 y - 4 scrolls of amnesia
 z - a scroll of teleportation {unknown}
 A - a scroll of enchant weapon
 F - a scroll of silence {unknown}
 G - 2 scrolls of fog {unknown}
 H - a scroll of magic mapping {unknown}
 R - a scroll of immolation {unknown}
Potions
 l - a potion of flight
 m - a potion of stabbing
 B - a potion of brilliance
 S - a potion of resistance


   Skills:
 - Level 1.1 Fighting
 + Level 7.7 Short Blades
 - Level 0.7 Armour
 - Level 5.9 Dodging
 + Level 10.7 Stealth
 * Level 12.9 Evocations


You had 9 spell levels left.
You didn't know any spells.
Your spell library was empty.

Dungeon Overview and Level Annotations

Branches:
Dungeon (9/15)             Temple (1/1) D:5
   Lair: D:8-11         Orc: D:9-12

Altars:
Ashenzari
Cheibriados
Dithmenos
Elyvilon
Fedhas
Gozag
Hepliaklqana
Kikubaaqudgha
Makhleb
Nemelex Xobeh
Okawaru
Qazlal
Ru
Sif Muna
Trog
Uskayaw
Vehumet
Xom
Yredelemnul
Zin
The Shining One

Shops:
D:4 }   D:8 :


Innate Abilities, Weirdness & Mutations

You are small and have problems with some larger weapons.
You are completely attuned to the shadows.
You are partially covered in rugged brown scales. (AC +1, +3% HP)
You are partially covered in yellow scales. (AC +2)
You are dopey. (Int -2)
Your system is resistant to poisons. (rPois)


Message History

You feel magically purged.
You feel yourself speed up.
Your resistance to elements expires.
* * * LOW HITPOINT WARNING * * *
You feel very sick.
It was a potion of mutation.
You feel extremely strange.
Rugged brown scales grow over part of your body.
You feel stupid.
You feel resistant to poisons.
Yellow scales grow over part of your body.
* * * LOW HITPOINT WARNING * * *
You feel sick.
It was a potion of berserk rage.
A red film seems to cover your vision as you go berserk!
You feel yourself moving faster!
You feel mighty!
* * * LOW HITPOINT WARNING * * *
You feel sick.
You feel a strong urge to attack something.
* * * LOW HITPOINT WARNING * * *
You feel sick.
You die...
Your body disappears without a glow.

####################
....<.........@....##
....................##
.....................#
......................#
.......................#
............# ..y......


There were no monsters in sight!

Vanquished Creatures
  A two-headed ogre (D:7)
  A harpy (D:8)
  Grinder (D:4)
  A hippogriff (D:7)
  A hornet (D:9)
  Sigmund (D:4)
  Eustachio (D:4)
  The ghost of paps the Sneak, an amateur OpFi (D:3)
  A water moccasin (D:7)
  Duvessa (D:7)
  2 orc warriors (D:7)
  2 sky beasts (D:8)
  A black bear (D:7)
  3 ogres
  2 phantoms
  2 centaurs
  A big kobold (D:8)
  3 bullfrogs
  Dowan (D:7)
  5 wights (D:6)
  A howler monkey (D:3)
  A bullfrog zombie (D:6)
  2 hounds
  2 jellies
  3 orc priests
  Crazy Yiuf (D:5)
  9 orc wizards
  An iguana (D:6)
  Ijyb (D:5)
  2 worker ants
  A hound skeleton (D:8)
  2 worker ant zombies
  6 adders
  7 gnolls
  2 shadow imps (D:8)
  2 white imps
  3 ufetubi
  4 worms
  2 dart slugs (D:1)
  6 leopard geckos
  24 orcs
  2 ball pythons
  12 giant cockroaches
  4 hobgoblins
  14 jackals
  6 quokkas
  5 bats
  4 frilled lizards
  A giant cockroach zombie (D:6)
  7 goblins
  26 kobolds
  A leopard gecko zombie (D:5)
  A quokka skeleton (D:8)
  6 rats
203 creatures vanquished.

Vanquished Creatures (collateral kills)
  2 orcs (D:4)
  A hobgoblin (D:3)
3 creatures vanquished.

Vanquished Creatures (others)
  An orc (D:7)
  11 plants (D:8)
12 creatures vanquished.

Grand Total: 218 creatures vanquished

Notes
Turn   | Place    | Note
-------+----------+-------------------------------------------
     0 | D:1      | Drevant2 the Kobold Artificer began the quest for the Orb.
     0 | D:1      | Reached XP level 1. HP: 12/12 MP: 1/1
   454 | D:1      | Reached XP level 2. HP: 8/16 MP: 2/2
   716 | D:1      | Reached skill level 4 in Evocations
  1037 | D:1      | Reached XP level 3. HP: 20/20 MP: 3/3
  1725 | D:2      | Reached XP level 4. HP: 25/25 MP: 4/4
  2474 | D:3      | Reached skill level 5 in Evocations
  2754 | D:3      | Found a runed translucent door.
  2757 | D:3      | Noticed a bullfrog
  2825 | D:3      | Reached XP level 5. HP: 25/29 MP: 5/5
  2859 | D:3      | Noticed paps's ghost (amateur OpFi)
  3727 | D:4      | Noticed Grinder
  3728 | D:4      | Paralysed by Grinder for 5 turns
  3744 | D:4      | Killed Grinder
  3744 | D:4      | Reached skill level 6 in Evocations
  3744 | D:4      | Reached XP level 6. HP: 23/34 MP: 6/6
  3744 | D:4      | Reached XP level 7. HP: 25/38 MP: 7/7
  3897 | D:4      | Noticed Sigmund
  4065 | D:4      | Noticed Eustachio
  4226 | D:5      | Entered Level 5 of the Dungeon
  4304 | D:4      | Found Aguetonn's Gadget Boutique.
  4309 | D:4      | Bought a wand of iceblast (12) for 192 gold pieces
  4373 | D:4      | Killed Eustachio
  4373 | D:4      | Reached skill level 5 in Dodging
  4373 | D:4      | Reached skill level 5 in Stealth
  4373 | D:4      | Reached skill level 7 in Evocations
  5449 | D:3      | Killed paps's ghost
  5449 | D:3      | Reached skill level 8 in Evocations
  5449 | D:3      | Reached XP level 8. HP: 38/43 MP: 8/8
  5655 | D:4      | Killed Sigmund
  5769 | D:4      | You fall into a shaft and drop 1 floor!
  5780 | D:5      | Got a polished short sword
  5791 | D:5      | Identified the +2 short sword "Kunargha" {elec, rN+ Int+4}
                  | (You found it on level 5 of the Dungeon)
  6032 | D:5      | Found a runed translucent door.
  6035 | D:5      | Noticed Crazy Yiuf
  6079 | D:5      | Found a staircase to the Ecumenical Temple.
  6084 | Temple   | Entered the Ecumenical Temple
  6385 | Temple   | Became a worshipper of Nemelex Xobeh the Trickster
  6676 | D:5      | Reached skill level 1 in Short Blades
  6862 | D:5      | Reached skill level 9 in Evocations
  6997 | D:5      | Noticed Ijyb
  7000 | D:5      | Killed Ijyb
  7035 | D:5      | Received a gift from Nemelex Xobeh
  7037 | D:5      | Found a basalt altar of Yredelemnul.
  7359 | D:5      | Found a white marble altar of Elyvilon.
  7515 | D:5      | Reached XP level 9. HP: 47/47 MP: 9/9
  7667 | D:5      | Killed Crazy Yiuf
  8053 | D:6      | Reached skill level 10 in Evocations
  8225 | D:6      | Received a gift from Nemelex Xobeh
  8925 | D:6      | Reached * piety under Nemelex Xobeh
  9127 | D:7      | Reached skill level 5 in Short Blades
  9322 | D:7      | Noticed a hippogriff
  9326 | D:7      | Killed a hippogriff
  9326 | D:7      | Reached skill level 11 in Evocations
  9492 | D:7      | Found an opulent altar of Gozag.
  9724 | D:7      | Reached XP level 10. HP: 52/52 MP: 10/10
  9920 | D:7      | Noticed a two-headed ogre
  9926 | D:7      | Killed a two-headed ogre
  9926 | D:7      | Reached skill level 10 in Stealth
  9926 | D:7      | Reached skill level 12 in Evocations
  9964 | D:7      | Found a hide-covered altar of Uskayaw.
  9967 | D:7      | Found a sacrificial altar of Ru.
  9968 | D:7      | Found a burning altar of Makhleb.
  9968 | D:7      | Found a glowing golden altar of the Shining One.
 10239 | D:7      | Noticed Dowan
 10250 | D:7      | Killed Dowan
 10260 | D:7      | Noticed Duvessa
 10269 | D:7      | Killed Duvessa
 10509 | D:8      | Found Ubad Lips's Book Shoppe.
 10714 | D:8      | Noticed a harpy
 10714 | D:8      | a hippogriff changed into a harpy
 10715 | D:8      | Killed a harpy
 11396 | D:9      | Paralysed by a hornet for 3 turns
 11407 | D:9      | Gained mutation: You are partially covered in rugged brown
                  | scales. (AC +1, +3% HP) [potion of mutation]
 11407 | D:9      | Gained mutation: You are dopey. (Int -2) [potion of
                  | mutation]
 11407 | D:9      | Gained mutation: Your system is resistant to poisons.
                  | (rPois) [potion of mutation]
 11407 | D:9      | Gained mutation: You are partially covered in yellow
                  | scales. (AC +2) [potion of mutation]
 11407 | D:9      | HP: 2/53 [poisoned by a hornet]
 11410 | D:9      | Succumbed to a hornet's poison

Illustrated notes

Levels and vault maps discovered:
D:1:      wander_arrival_desolate, layout_basic
D:2:      layout_rooms
D:3:      layout_basic, ebering_ghost_sewer_d
D:4:      layout_loops_ring, nicolae_overflow_hidden_temple, serial_shops, shop,
          uniq_sigmund, uniq_grinder, uniq_eustachio
D:5:      layout_loops_cross, kennysheep_ying_yang, temple_doors_ab,
          uniq_crazy_yiuf_cottage, uniq_ijyb
D:6:      layout_basic
D:7:      layout_loops_ring, grunt_gozag_breadcrumbs, minitemple,
          minmay_microvault, uniq_duvessa
D:8:      kennysheep_kobold_camp, layout_basic, serial_shops,
          kennysheep_little_box, minmay_pinched_square
D:9:      layout_big_octagon, lair_entry_dummy
Temple:   dpeg_chambers_temple

Skill      XL: |  1  2  3  4  5  6  7  8  9 10 |
---------------+-------------------------------+-----
Evocations     | 4 5 6 8 9 11 12 | 12.9
Stealth        | 2 3 4 6 7 9 10 | 10.7
Dodging        | 3 4 5 |  5.9
Short Blades   | 2 5 7 |  7.7
Fighting       | |  1.1
Armour         | |  0.7

Action                   |  1- 3 |  4- 6 |  7- 9 | 10-12 || total
-------------------------+-------+-------+-------+-------++-------
Melee: Club              |    20 |       |       |       ||    20
       Whip              |    14 |       |       |       ||    14
       Dagger            |    76 |       |       |       ||    76
       Broad axe         |    16 |    77 |    68 |       ||   161
       Short sword       |       |       |   175 |    99 ||   274
Invok: Draw Destruction  |       |       |     2 |     9 ||    11
       Draw Summoning    |       |       |     2 |     1 ||     3
       Draw Escape       |       |       |       |     2 ||     2
Evoke: Wand              |     2 |     5 |    15 |     7 ||    29
  Use: Scroll            |       |     5 |     2 |     4 ||    11
       Potion            |       |     2 |     4 |     6 ||    12
 Stab: Sleeping          |    12 |    10 |    16 |     8 ||    46
       Distracted        |       |     1 |     3 |     1 ||     5
Armor: Leather armour    |    29 |    15 |    40 |     8 ||    92
Dodge: Dodged            |   108 |    65 |   231 |    99 ||   503

Table legend: (Time is in decaauts)
 A = Elapsed time spent in this place.
 B = Non-inter-level travel time spent in this place.
 C = Inter-level travel time spent in this place.
 D = Time resting spent in this place.
 E = Time spent auto-exploring this place.
 F = Levels seen in this place.
 G = Mean time per level.
                   A        B        C        D        E       F      G
               +--------+--------+--------+--------+--------+-----+--------+
         Total |  11493 |   9770 |   1723 |   3916 |   4289 |  10 | 1149.3 |
       Dungeon |  11169 |   9514 |   1655 |   3916 |   4037 |   9 | 1241.0 |
        Temple |    323 |    255 |     68 |      0 |    252 |   1 |  323.0 |
               +--------+--------+--------+--------+--------+-----+--------+

Top non-repeatable levels by time:
     D:3: 1868 daAuts
     D:4: 1822 daAuts
     D:5: 1720 daAuts
     D:1: 1519 daAuts
     D:7: 1420 daAuts
     D:6: 1143 daAuts
     D:8: 964 daAuts
     D:2: 668 daAuts
  Temple: 323 daAuts
     D:9: 41 daAuts
